 Dungeon Crawl Stone Soup version 0.30-a0-949-g53dc5368d7 (webtiles) character file.

Game seed: 10520281495413912001

119296 holysushi the Spry (level 16, 0/146 HPs)
             Began as an Octopode Transmuter on Mar 26, 2023.
             Was an Initiate of Gozag.
             Slain by a caustic shrike simulacrum (10 damage)
             ... on level 3 of the Abyss on Mar 28, 2023.
             The game lasted 01:09:56 (31047 turns).

holysushi the Spry (Octopode Transmuter)           Turns: 31047, Time: 01:09:57

Health: 0/146      AC:  7    Str: 16    XL:     16   Next: 79%
Magic:  21/21      EV: 38    Int: 13    God:    Gozag
Gold:   292        SH:  0    Dex: 31    Spells: 4/21 levels left

rFire   + . .      SeeInvis +    A - melded +8 sling "Vejeubrod" {flame, rF+}
rCold   + + .      Faith    .    (shield currently unavailable)
rNeg    + + .      Spirit   .    w - melded +2 hat
rPois   +          Reflect  .    X - amulet of Vitality {RegenMP++ Regen++}
rElec   .          Rampage  .    u - ring "Furiem" {rN++ EV+5 Int-4 Dex+3 SInv}
rCorr   .                        q - ring of fire
Will    +....                    y - +6 ring of dexterity
Stlth   +++++                    D - ring of wizardry
HPRegen 2.04/turn                E - +5 ring of evasion
MPRegen 0.97/turn                W - +6 ring of dexterity
                                 H - +6 ring of strength
                                 V - ring of Athregg {rPois rF+ Slay+6}

@: ice-form, gold aura
A: freezing attack, boosted hp, almost no armour, amphibious, 8 rings, large,
(camouflage 1), (gelatinous body 1), (nimble swimmer 1), (tentacles), clumsy 1
a: End Transformation, Renounce Religion, Potion Petition, Call Merchant, Bribe
Branch


You were on level 3 of the Abyss.
You worshipped Gozag.
Gozag was aware of your devotion.
You were a creature of crystalline ice.
You visited 5 branches of the dungeon, and saw 21 of its levels.
You visited the Abyss 1 time.
You also visited: Sewer and Volcano.

You collected 6486 gold pieces.
You spent 4507 gold pieces at shops.
You paid 1687 gold pieces to Gozag.

Inventory:

Hand Weapons
 A - the +8 sling "Vejeubrod" (melded) {flame, rF+}
   (You found it on level 7 of the Dungeon)

   rF:        It protects you from fire.
Missiles
 Y - a throwing net
Armour
 w - a +2 hat (melded)
Magical Staves
 d - a staff of fire
Jewellery
 c - a ring of poison resistance
 i - a ring of flight
 q - a ring of fire (right front paw)
 u - the ring "Furiem" (left front paw) {rN++ EV+5 Int-4 Dex+3 SInv}
   (You bought it in a shop on level 2 of the Orcish Mines)

   [ring of evasion]

   EV:        It affects your evasion (+5).
   Int:       It affects your intelligence (-4).
   Dex:       It affects your dexterity (+3).
   rN:        It greatly protects you from negative energy.
   SInv:      It lets you see invisible.
 y - a +6 ring of dexterity (on tentacle)
 D - a ring of wizardry (on tentacle)
 E - a +5 ring of evasion (on tentacle)
 H - a +6 ring of strength (on tentacle)
 V - the ring of Athregg (on tentacle) {rPois rF+ Slay+6}
   (You bought it in a shop on level 3 of the Lair of Beasts)

   [ring of protection from fire]

   Slay:      It affects your accuracy & damage with ranged weapons and melee
   (+6).
   rF:        It protects you from fire.
   rPois:     It protects you from poison.
 W - a +6 ring of dexterity (on tentacle)
 X - the amulet of Vitality (around neck) {RegenMP++ Regen++}
   (You bought it in a shop on level 2 of the Orcish Mines)

   [amulet of magic regeneration]

   It increases your rate of magic regeneration.
   Regen:     It increases your rate of health regeneration.
 Z - the amulet "Ashamaz" {Spirit Will+ Dex+3}
   (You found it on level 3 of the Elven Halls)

   [amulet of guardian spirit]

   It causes incoming damage to be divided between your reserves of health and
   magic.
   Dex:       It affects your dexterity (+3).
   Will:      It increases your willpower.
Wands
 k - a wand of charming (14)
 n - a wand of polymorph (2)
 p - a wand of flame (47)
 P - a wand of iceblast (10)
Scrolls
 b - 2 scrolls of torment
 g - a scroll of enchant weapon
 j - 2 scrolls of amnesia
 l - 9 scrolls of identify
 m - 3 scrolls of magic mapping
 o - 3 scrolls of noise
 r - 3 scrolls of fear
 s - 5 scrolls of teleportation
 t - 2 scrolls of vulnerability
 x - 3 scrolls of fog
 C - 3 scrolls of immolation
 L - a scroll of silence {unknown}
 N - 3 scrolls of enchant armour {unknown}
 Q - a scroll of brand weapon
 R - a scroll of poison
Potions
 a - 3 potions of lignification
 e - 4 potions of berserk rage
 f - 9 potions of curing
 h - 2 potions of cancellation
 v - a potion of attraction
 z - 3 potions of brilliance
 B - 2 potions of flight
 F - 7 potions of mutation
 G - 3 potions of magic
 I - 2 potions of ambrosia
 J - a potion of might
 O - a potion of haste
Miscellaneous
 K - a phial of floods
 S - a box of beasts
 T - a phantom mirror
 U - a condenser vane


   Skills:
 - Level 15.0 Fighting
 - Level 5.4 Ranged Weapons
 - Level 16.7 Dodging
 - Level 8.0 Stealth
 - Level 14.0 Unarmed Combat
 - Level 3.4 Spellcasting
 + Level 14.1 Transmutations
 - Level 2.0 Ice Magic
 - Level 2.0 Poison Magic
 - Level 5.0 Evocations


You had 4 spell levels left.
You knew the following spells:

 Your Spells              Type           Power      Damage    Failure   Level
a - Beastly Appendage     Tmut           78%        N/A       1%          1
b - Wereblood             Tmut           39%        N/A       1%          2
c - Spider Form           Tmut/Pois      23%        N/A       1%          3
d - Ice Form              Ice/Tmut       23%        N/A       3%          4
e - Dragon Form           Tmut           19%        N/A       22%         7

Your spell library contained the following spells:

 Spells                   Type           Power      Damage    Failure   Level
 Ignite Poison            Fire/Tmut/Pois 24%        N/A       3%          3
 Magic Dart               Conj           8%         1d3       9%          1
 Necrotise                Necr           8%         1d4       9%          1
 Summon Small Mammal      Summ           8%         N/A       9%          1
 Frozen Ramparts          Ice            14%        1d3       12%         3
 Blink                    Tloc           4%         N/A       13%         2
 Lesser Beckoning         Tloc           4%         N/A       13%         2
 Momentum Strike          Conj/Tloc      4%         3d8       13%         2
 Sublimation of Blood     Necr           2%         N/A       13%         2
 Call Canine Familiar     Summ           2%         N/A       26%         3
 Dazzling Flash           Conj/Hex       4%         N/A       26%         3
 Kindle Blastsparks       Fire/Tloc/Air  6%         2d10      26%         3
 Portal Projectile        Hex/Tloc       4%         N/A       26%         3
 Summon Guardian Golem    Hex/Summ       2%         N/A       26%         3
 Vampiric Draining        Necr           2%         2d6       26%         3
 Olgreb's Toxic Radiance  Pois           7%         N/A       34%         4
 Cause Fear               Hex            1%         N/A       61%         4
 Fulminant Prism          Conj/Hex       1%         3d5       61%         4
 Leda's Liquefaction      Hex/Erth       1%         N/A       61%         4
 Summon Lightning Spire   Summ/Air       2%         N/A       61%         4
 Freezing Cloud           Conj/Ice/Air   1%         6-21      86%         5
 Agony                    Necr           2%         N/A       91%         5
 Silence                  Hex/Air        1%         N/A       91%         5
 Ozocubu's Refrigeration  Ice            3%         4d8       100%        7
 Summon Hydra             Summ           1%         N/A       100%        7
 Borgnjor's Revivificati  Necr           1%         N/A       100%        8
 Ignition                 Fire           1%         3d3       100%        8
 Dragon's Call            Summ           1%         N/A       100%        9
 Simulacrum               Ice/Necr       Unusable   N/A       N/A         6

Dungeon Overview and Level Annotations

Branches:
Dungeon (10/15) Zot: 25672  Temple (1/1) D:5 Zot: 5822    Lair (5/5) D:10 Zot: 21500
 Shoals (0/4) Lair:2       Spider (0/4) Lair:3        Slime (0/5) Lair:4
    Orc (2/2) D:10 Zot: 8761     Elf (3/3) Orc:2 Zot: 12823   Sewer (visited)
Volcano (visited)

Altars:
Ashenzari
Cheibriados
Dithmenos
Elyvilon
Fedhas
Gozag
Hepliaklqana
Kikubaaqudgha
Makhleb
Nemelex Xobeh
Okawaru
Qazlal
Ru
Sif Muna
Trog
Uskayaw
Vehumet
Wu Jian
Xom
Yredelemnul
Zin
The Shining One

Shops:
D:4 (   D:10 (   Orc:2 *[:(=   Elf:1 *   Elf:3 :[([   Lair:3 =(

Portals:
Trove: Elf:1 (give 8 potions of haste)

Annotations:
D:5 1 runed translucent door, Crazy Yiuf
D:8 2 transporters, cforsyth's ghost, novice FoFi
Lair:1 !
Lair:4 Rupert
Elf:2 3 runed translucent doors
Elf:3 2 exclusions


Innate Abilities, Weirdness & Mutations

You are a creature of crystalline ice.
You have a powerful freezing melee attack.
Your maximum health is increased.
Your armour is entirely melded.
You are incapable of wielding weapons or throwing items.
You cannot wear most types of armour.
You are amphibious.
You can wear up to eight rings at the same time.
((Your skin changes colour to match your surroundings (Stealth+).))
((Your rubbery body absorbs attacks. (AC +1, EV +1)))
((You are camouflaged when in or above water. (Stealth+)))
((You have tentacles for arms and can constrict up to eight enemies at once.))
You are clumsy. (Dex -2)


Message History

The caustic shrike simulacrum freezes you!
You resist.
* * * LOW HITPOINT WARNING * * *
A large abomination comes into view.
The caustic shrike simulacrum is distracted by your dazzling golden aura.
The large abomination completely misses you.
The fenstrider witch zombie closely misses you. x2
You strike the helpless caustic shrike simulacrum from behind!
You hit the caustic shrike simulacrum.
The caustic shrike simulacrum is no longer distracted by gold.
The caustic shrike simulacrum is heavily damaged.
The caustic shrike simulacrum claws you but does no damage.
You pummel the large abomination!! You freeze the large abomination.
The large abomination is heavily damaged.
The caustic shrike simulacrum completely misses you.
The fenstrider witch zombie misses you.
The fenstrider witch zombie completely misses you.
The large abomination completely misses you.
A small abomination comes into view.
The caustic shrike simulacrum completely misses you.
You punch the large abomination! You freeze the large abomination.
The large abomination is almost destroyed.
The fenstrider witch zombie hits you but does no damage.
The fenstrider witch zombie completely misses you.
The caustic shrike simulacrum closely misses you.
The large abomination completely misses you.
You hit the large abomination but do no damage.
The large abomination is almost destroyed.
The caustic shrike simulacrum barely misses you.
The large abomination misses you.
The fenstrider witch zombie completely misses you.
The fenstrider witch zombie kicks you.
* * * LOW HITPOINT WARNING * * *
You feel much better.
The caustic shrike simulacrum completely misses you.
The large abomination hits you!!
* * * LOW HITPOINT WARNING * * *
The caustic shrike simulacrum claws you!
You die...
Your body crumbles into a pile of gold.

#. ...#. #..#
## ## ...
...## ## #...
#..#...#. #
#.... ..
##...###
#.#..# #.
#..### .... .
##.#.. .. . #
... #
#.#.#.###...
.. ..
##.#$#......
# ...#
##.YX.# ...
## # #ZZX..#
..
#....#.#.....
###.. #. ....
# ..# .. ...
..# .x# ..
... ยง. .
.... ##.


You could see 2 large abominations, a small abomination, a caustic shrike
simulacrum and a fenstrider witch zombie.

Vanquished Creatures
  Zenata (Elf:3)
  A lich (Abyss:3)
  A deep elf master archer (Elf:3)
  A tentacled starspawn (Abyss:3)
  5 deep elf sorcerers
  An orc warlord (Orc:2)
  A deep elf elementalist (Elf:3)
  A dire elephant (Abyss:3)
  A deep elf demonologist (Elf:3)
  2 deep elf annihilators (Elf:3)
  A purple draconian (Abyss:3)
  2 deep elf death magi
  Josephine (Lair:4)
  A deep elf high priest (Elf:3)
  A great orb of eyes (Abyss:3)
  2 rakshasas (Abyss:3)
  3 hydras
  An ice dragon (Lair:5)
  4 catoblepae
  14 dancing weapons
  A boulder beetle (Lair:4)
  A two-headed ogre (Orc:2)
  3 death yaks (Lair:5)
  A hell hog (Abyss:3)
  A skyshark (Lair:5)
  Sonja (D:10)
  6 orc high priests (Orc:2)
  3 deep elf knights
  A wretched star (Abyss:3)
  A pharaoh ant (Lair:3)
  Pikel (D:5)
  7 lindwurms
  9 deep elf archers
  8 orc knights
  18 deep elf zephyrmancers
  22 deep elf pyromancers
  2 orc sorcerers (Orc:2)
  An oklob plant (Lair:1)
  3 worldbinders (Abyss:3)
  2 manticores (Lair:5)
  A salamander (shapeshifter) (Elf:1)
  3 cyclopes
  3 molten gargoyles (Volcano)
  A water nymph (Abyss:3)
  6 elephants
  A smoke demon (Abyss:3)
  5 black mambas
  7 torpor snails
  12 cane toads
  An unseen horror (D:10)
  Maggie (D:8)
  8 komodo dragons
  6 rime drakes
  An ancient zyme (Abyss:3)
  12 hornets
  3 polar bears
  4 blink frogs
  A troll (Orc:2)
  3 tyrant leeches (Lair:5)
  3 tarantellas (Lair:3)
  11 dream sheep (Lair:5)
  Prince Ribbit (D:5)
  A culicivora (shapeshifter) (Elf:1)
  A shadow (D:9)
  5 wyverns
  43 yaks
  3 air elementals
  Sigmund (D:5)
  2 ynoxinuls (Abyss:3)
  3 wraiths (Lair:4)
  4 water elementals
  4 basilisks
  8 fire elementals
  2 neqoxecs (Abyss:3)
  2 small abominations (Abyss:3)
  4 vampire mosquitoes (D:10)
  A redback (Lair:3)
  2 wargs
  A large abomination (Abyss:3)
  15 water moccasins
  Duvessa (D:6)
  29 orc warriors
  A sky beast (D:7)
  2 black bears
  13 wolves
  5 ogres
  6 centaurs
  3 lemures (D:5)
  A phantom (D:6)
  2 kobold brigands
  A bullfrog (shapeshifter) (Elf:2)
  11 bullfrogs
  A scorpion (D:6)
  A gnoll sergeant (Orc:2)
  6 earth elementals
  6 wights
  Dowan (D:6)
  5 killer bees (D:9)
  A howler monkey (D:10)
  An electric eel (Lair:1)
  A quasit (Abyss:3)
  2 jellies
  5 hounds
  34 orc priests
  3 iguanas
  11 orc wizards
  13 gnolls
  5 river rats (Sewer)
  9 adders
  2 shadow imps
  2 ufetubi
  4 worms
  3 dart slugs
  69 orcs
  4 endoplasms (D:4)
  3 giant cockroaches
  3 goblins
  8 hobgoblins
  3 jackals
  6 quokkas
  6 ball pythons
  4 bats
  7 frilled lizards (Sewer)
  46 kobolds
  11 rats
  A fire vortex (Volcano)
  A lurking horror (Abyss:3)
696 creatures vanquished.

Vanquished Creatures (collateral kills)
  A wight (D:8)
  2 orc wizards (D:8)
3 creatures vanquished.

Vanquished Creatures (others)
  A deep elf zephyrmancer (Elf:1)
  A kobold (D:5)
  11 fungi
  A lurking horror (Abyss:3)
  31 plants
  4 starspawn tentacles (Abyss:3)
  8 toadstools (Lair:1)
57 creatures vanquished.

Grand Total: 756 creatures vanquished

Notes
Turn   | Place    | Note
-------+----------+-------------------------------------------
     0 | D:1      | holysushi the Octopode Transmuter began the quest for the
                  | Orb.
     0 | D:1      | Reached XP level 1. HP: 13/13 MP: 3/3
    91 | D:1      | You fall into a shaft and drop 1 floor!
   134 | D:2      | Reached XP level 2. HP: 12/18 MP: 5/5
   368 | D:2      | Reached XP level 3. HP: 21/23 MP: 4/6
   762 | D:2      | Upgraded the game from 0.30-a0-939-gc8157cb160 to
                  | 0.30-a0-949-g53dc5368d7
  1093 | D:3      | Learned a level 2 spell: Wereblood
  1096 | D:3      | Learned a level 2 spell: Sublimation of Blood
  1103 | D:3      | Learned a level 3 spell: Spider Form
  1120 | D:3      | Reached XP level 4. HP: 28/28 MP: 7/7
  1181 | D:3      | Identified the amulet "Cooxiab" {Spirit rF- rCorr Dex+5}
  1304 | D:3      | Reached skill level 5 in Unarmed Combat
  1389 | D:3      | Found a snail-covered altar of Cheibriados.
  1517 | D:3      | Found an iron altar of Okawaru.
  1954 | D:4      | Reached XP level 5. HP: 28/33 MP: 8/8
  2019 | D:4      | Reached skill level 1 in Poison Magic
  2055 | D:5      | Entered Level 5 of the Dungeon
  2871 | D:4      | Found an ancient bone altar of Kikubaaqudgha.
  2894 | D:4      | Reached XP level 6. HP: 32/38 MP: 9/9
  3060 | D:4      | Found Bentuh's Weapon Emporium.
  3140 | D:5      | Found a staircase to the Ecumenical Temple.
  3146 | Temple   | Entered the Ecumenical Temple
  3432 | D:5      | Noticed Sigmund
  3458 | D:5      | Reached skill level 1 in Stealth
  3531 | D:5      | Killed Sigmund
  3532 | D:5      | Reached XP level 7. HP: 28/44 MP: 10/10
  3901 | D:5      | Noticed Prince Ribbit
  3925 | D:5      | Reached skill level 3 in Dodging
  3948 | D:5      | Killed Prince Ribbit
  3949 | D:5      | Reached XP level 8. HP: 46/50 MP: 13/13
  4054 | D:5      | Found a runed translucent door.
  4055 | D:5      | Noticed Crazy Yiuf
  4243 | D:5      | Noticed Pikel
  4810 | D:5      | Reached skill level 4 in Dodging
  5719 | D:5      | Killed Pikel
  5822 | D:5      | Found a staircase to the Ecumenical Temple.
  6200 | D:6      | Reached skill level 5 in Transmutations
  6200 | D:6      | Reached XP level 9. HP: 50/54 MP: 14/14
  6566 | D:6      | Found a shadowy altar of Dithmenos.
  6735 | D:6      | Found a glowing drain.
  6739 | Sewer    | Entered a sewer
  6762 | Sewer    | Learned a level 4 spell: Ice Form
  7340 | D:6      | Reached skill level 1 in Ice Magic
  7406 | D:6      | Noticed Dowan
  7414 | D:6      | Noticed Duvessa
  7425 | D:6      | Killed Duvessa
  7430 | D:6      | Killed Dowan
  8471 | D:7      | Reached skill level 10 in Unarmed Combat
  8674 | D:7      | Identified the +8 sling "Vejeubrod" {flame, rF+}
  9027 | D:8      | Noticed a hornet
  9066 | D:8      | Noticed cforsyth's ghost (novice FoFi)
  9080 | D:8      | Found a transporter.
  9244 | D:8      | Noticed Maggie
  9257 | D:8      | Killed Maggie
  9258 | D:8      | Reached XP level 10. HP: 30/62 MP: 9/15
  9613 | D:8      | Found a transporter.
  9748 | D:8      | Found a broken altar of Ashenzari.
 10051 | D:9      | Found an ornate altar of the Wu Jian Council.
 10242 | D:9      | Reached skill level 5 in Dodging
 11158 | D:10     | Entered Level 10 of the Dungeon
 11201 | D:10     | Reached skill level 6 in Dodging
 11210 | D:10     | Reached skill level 5 in Fighting
 11362 | D:10     | Reached XP level 11. HP: 59/71 MP: 16/16
 11427 | D:10     | Noticed Sonja
 11439 | D:10     | Killed Sonja
 11469 | D:10     | Found an opulent altar of Gozag.
 11473 | D:10     | Became a worshipper of Gozag Ym Sagoz the Greedy
 11688 | D:10     | Found a radiant altar of Vehumet.
 11717 | D:10     | Reached skill level 7 in Dodging
 11884 | D:10     | Found Donal's Weapon Boutique.
 12043 | D:10     | Found a staircase to the Lair.
 12247 | D:10     | Found a staircase to the Orcish Mines.
 12439 | Lair:1   | Entered Level 1 of the Lair of Beasts
 12439 | Lair:1   | Noticed an oklob plant
 12528 | Lair:1   | Found a dark tunnel.
 12528 | Lair:1   | Noticed a lindwurm
 12539 | Lair:1   | Killed a lindwurm
 12588 | Volcano  | Entered a volcano
 12617 | Volcano  | Reached skill level 8 in Dodging
 12656 | Volcano  | Noticed a lindwurm
 12656 | Volcano  | Noticed a lindwurm
 13101 | Volcano  | Killed a lindwurm
 13109 | Volcano  | Killed a lindwurm
 14293 | Lair:1   | Reached XP level 12. HP: 77/77 MP: 17/17
 14752 | Lair:1   | Reached skill level 9 in Dodging
 14793 | Lair:1   | Noticed a seven-headed hydra
 14815 | Lair:1   | Killed a seven-headed hydra
 14846 | Lair:1   | Noticed a catoblepas
 14867 | Lair:1   | Found a runed translucent door.
 15878 | Lair:2   | Found a staircase to the Shoals.
 16266 | Lair:3   | Reached skill level 10 in Dodging
 16297 | Lair:3   | Reached skill level 5 in Stealth
 16569 | Lair:3   | Found a hole to the Spider Nest.
 16672 | Lair:3   | Reached XP level 13. HP: 92/92 MP: 18/18
 16707 | Lair:3   | Reached skill level 10 in Fighting
 18099 | Lair:4   | Noticed Josephine
 18111 | Lair:4   | Killed Josephine
 18116 | Lair:4   | Noticed Rupert
 18117 | Lair:4   | Paralysed by Rupert for 3 turns
 18125 | Lair:4   | Paralysed by Rupert for 3 turns
 18172 | Lair:4   | Found a staircase to the Slime Pits.
 18218 | Lair:5   | Entered Level 5 of the Lair of Beasts
 18286 | Lair:5   | Got the Volume of the Tarantula
 18646 | Lair:5   | Reached skill level 11 in Dodging
 19104 | Lair:5   | Reached skill level 12 in Dodging
 19551 | Lair:5   | Reached XP level 14. HP: 98/108 MP: 19/19
 19728 | Lair:5   | Reached skill level 13 in Dodging
 19943 | Lair:5   | Found a runed translucent door.
 20615 | Lair:5   | Reached skill level 14 in Dodging
 20852 | Lair:5   | Got the Grimoire of Cadavers
 21893 | Lair:3   | Bought the ring of Athregg {rPois rF+ Slay+6} for 982 gold
                  | pieces
 22312 | Orc:1    | Entered Level 1 of the Orcish Mines
 22439 | Orc:2    | Entered Level 2 of the Orcish Mines
 22805 | Orc:2    | Found Mhijeg's Merry Market.
 22852 | Orc:2    | Bought a potion of magic for 80 gold pieces
 22852 | Orc:2    | Bought a potion of mutation for 80 gold pieces
 23164 | Orc:1    | Reached skill level 15 in Dodging
 23496 | Orc:2    | Found a staircase to the Elven Halls.
 23533 | Orc:2    | Reached skill level 5 in Evocations
 24008 | Elf:1    | Entered Level 1 of the Elven Halls
 24323 | Orc:2    | Noticed an orc warlord
 24344 | Orc:2    | Killed an orc warlord
 24397 | Orc:2    | Reached XP level 15. HP: 96/114 MP: 19/20
 25030 | Orc:2    | Reached skill level 15 in Fighting
 25129 | Orc:2    | Found Leakhom's Book Shop.
 25129 | Orc:2    | Found Putzih's Armour Shop.
 25130 | Orc:2    | Found Kaghiq's Jewellery Shop.
 25130 | Orc:2    | Found Caytyn's Weapon Boutique.
 25326 | Orc:2    | Bought the ring "Furiem" {rN++ EV+5 Int-4 Dex+3 SInv} for
                  | 778 gold pieces
 25326 | Orc:2    | Bought a +6 ring of dexterity for 504 gold pieces
 25417 | Elf:1    | Reached skill level 10 in Transmutations
 25563 | Orc:2    | Bought the amulet of Vitality {RegenMP++ Regen++} for 1400
                  | gold pieces
 25563 | Orc:2    | Found the amulet of Vitality {RegenMP++ Regen++}
 25688 | Elf:1    | Found a portal to a secret trove of treasure.
 25923 | Elf:1    | Noticed a deep elf sorcerer
 26065 | Elf:1    | Killed a deep elf sorcerer
 26203 | Elf:1    | Got the Discursus on the Productive Discharge
 26425 | Elf:1    | Paralysed by an air elemental for 1 turns
 26592 | Elf:1    | Reached skill level 1 in Ranged Weapons
 26669 | Elf:1    | Found Lyzelol's CLEARANCE SALE!.
 26672 | Elf:1    | Bought a potion of mutation for 24 gold pieces
 26672 | Elf:1    | Bought a potion of berserk rage for 15 gold pieces
 27350 | Elf:2    | Reached XP level 16. HP: 101/122 MP: 21/21
 27354 | Elf:2    | Found a runed translucent gate.
 27354 | Elf:2    | Found a runed translucent gate.
 27354 | Elf:2    | Found a runed translucent gate.
 27465 | Elf:2    | Reached skill level 5 in Ranged Weapons
 27465 | Elf:2    | Reached skill level 16 in Dodging
 28104 | Elf:3    | Entered Level 3 of the Elven Halls
 28127 | Elf:3    | Paralysed by an air elemental for 1 turns
 28158 | Elf:3    | Noticed Zenata
 28302 | Elf:3    | Found Wayhumy's Book Emporium.
 28314 | Elf:3    | Bought a book of the Dragon for 644 gold pieces
 28333 | Elf:3    | Learned a level 7 spell: Dragon Form
 28758 | Elf:3    | Found Cocisaug's Armour Emporium.
 28820 | Elf:3    | Paralysed by an air elemental for 1 turns
 28829 | Elf:3    | Killed Zenata
 28965 | Elf:3    | Found Dugguwoa's Antique Armour Shoppe.
 28976 | Elf:3    | Identified the amulet "Ashamaz" {Spirit Will+ Dex+3}
 29068 | Elf:3    | Found Huen's Antique Weapon Shop.
 29505 | Elf:3    | Identified the +1 quarterstaff of Veaxyofu {elec, rN++}
 29795 | Elf:3    | Noticed a deep elf blademaster
 30285 | Elf:3    | Found Wayhumy's Book Emporium.
 30334 | Elf:3    | Found Cocisaug's Armour Emporium.
 30405 | Elf:3    | Noticed a deep elf master archer
 30447 | Elf:3    | Killed a deep elf master archer
 30650 | Abyss:3  | Cast into level 3 of the Abyss (a deep elf sorcerer)
 30719 | Abyss:3  | Gained mutation: You are clumsy. (Dex -2) [a neqoxec]
 30722 | Abyss:3  | Found a corrupted altar of Lugonu.
 30723 | Abyss:3  | Noticed a lich
 30730 | Abyss:3  | Killed a lich
 30732 | Abyss:3  | Found a corrupted altar of Lugonu.
 30992 | Abyss:3  | Noticed a tentacled starspawn
 31009 | Abyss:3  | Killed a tentacled starspawn
 31047 | Abyss:3  | Slain by a caustic shrike simulacrum

Illustrated notes

Levels and vault maps discovered:
D:1:      sevenhm_arrival_forest_fort_small_5, layout_basic,
          basic_ecumenical_altar
D:2:      layout_loops_ring
D:3:      layout_rooms, slow_altar_1, mainiacjoe_overflow_alcove_2
D:4:      minmay_razor_zed, layout_basic, nicolae_kikubaaqudgha_miasma_corner,
          serial_shops, kennysheep_mini
D:5:      minmay_goblin_kobold_castle, layout_rooms, minmay_temple_entry_waves,
          uniq_prince_ribbit1, uniq_pikel, uniq_sigmund, uniq_crazy_yiuf_cottage
D:6:      layout_gridville, grunt_dithmenos_shadows, gup_sewer_entry_spiral,
          uniq_duvessa
D:7:      layout_rooms
D:8:      layout_loops_ring, nicolae_ashenzari_skybound, gammafunk_ghost_hive,
          uniq_maggie
D:9:      layout_cave_pods, nicolae_wu_jian_wuxing_cycle
D:10:     layout_basic, vehumet_altar_wand_db, marbit_many_paths,
          lair_entry_dummy, orc_0_dummy, serial_shops, shop, uniq_sonja
Temple:   nicolae_temple_bog_church
Lair:1:   gammafunk_lair_enchanted_lake, layout_cave_shapes,
          nicolae_volcano_entry_vermiform, dpeg_stationary_puzzle,
          grunt_megastairs_4, serial_bayou_shore_a
Lair:2:   layout_regular_city, elwin_shoals_entry_rooms, st_stairs_4,
          chequers_serial_rivers_small_b, nicolae_lair_lil_pond,
          grunt_forest_small_clearing_treed
Lair:3:   layout_small_grid, nicolae_spider_entry_lesser_pyramids, st_stairs_12
Lair:4:   layout_regular_city, dpeg_slime_entry_enclosed, uniq_josephine,
          uniq_rupert
Lair:5:   wormcave, layout_hall_layers, hangedman_lair_in_review,
          nicolae_quartered_pool_little, st_stairs_12,
          chequers_serial_rivers_marsh
Orc:1:    layout_diamond_mine
Orc:2:    st_orc_pillars, layout_caves, nicolae_alphabet_shops,
          minmay_orc_temple_c
Elf:1:    minmay_elf_arrival_summoners, layout_gridlike,
          nicolae_trove_entry_crossroad, minmay_elf_sorcery,
          nicolae_shop_clearance
Elf:2:    nicolae_elf_blades_splatter_lattice
          [nicolae_blade_entry_sentries_behind_glass], layout_loops_cross,
          hex_tiny, amcnicky_mini_rare_corridor_liquid
Elf:3:    minmay_elf_hall_curves, layout_gridlike, serial_shops, shop,
          nicolae_shop_window_shopping, nicolae_diamond_shop,
          nicolae_shop_hallway_plus, uniq_zenata
Abyss:3:  base: D:6, base: Crypt:3, grunt_abyss_rune_forest_and_sorcery,
          evilmike_abyss_exit_chaos, bh_silent_lugonu_exit, minivault_5,
          minivault_5, evilmike_abyss_exit_mutagenic,
          evilmike_abyss_exit_mutagenic, guppyfry_abyss_exit_imp_island

Skill      XL: |  1  2  3  4  5  6  7  8  9 10 11 12 13 14 15 16 |
---------------+-------------------------------------------------+-----
Unarmed Combat | 4 5 6 8 10 11 13 14 | 14.0
Poison Magic   | 2 |  2.0
Transmutations | 3 4 5 6 7 8 12 14 | 14.1
Stealth        | 2 3 7 8 |  8.0
Fighting       | 2 5 9 14 15 | 15.0
Dodging        | 3 4 6 8 10 12 15 16 | 16.7
Spellcasting   | 3 |  3.4
Evocations     | 2 5 |  5.0
Ice Magic      | 2 |  2.0
Ranged Weapons | 4 5 |  5.4

Action                     |  1- 3 |  4- 6 |  7- 9 | 10-12 | 13-15 | 16-18 || total
---------------------------+-------+-------+-------+-------+-------+-------++-------
  Melee: Unarmed           |    48 |   117 |   335 |   434 |   803 |   209 ||  1946
         Constrict         |    12 |    24 |    24 |       |       |       ||    60
         Kick              |    11 |    20 |       |       |       |       ||    31
         Punch             |     5 |     2 |     3 |       |       |     6 ||    16
         Tentacles         |     9 |    16 |    21 |       |       |       ||    46
         Tailslap          |       |       |       |       |       |    11 ||    11
         Bite              |       |       |       |       |       |    11 ||    11
   Fire: Sling             |       |       |    11 |   110 |   314 |    18 ||   453
   Cast: Beastly Appendage |    10 |    17 |       |       |       |       ||    27
         Spider Form       |       |     4 |    34 |    32 |    78 |    18 ||   166
         Ice Form          |       |       |     3 |    24 |    27 |     3 ||    57
         Wereblood         |       |       |     1 |    12 |    13 |     1 ||    27
         Dragon Form       |       |       |       |       |       |     7 ||     7
 Invoke: Call Merchant     |       |       |       |     1 |     1 |       ||     2
Ability: End Transformatio |       |       |     3 |    19 |    53 |     8 ||    83
         Breathe Fire      |       |       |       |       |       |     1 ||     1
  Evoke: Wand              |       |       |       |     8 |     1 |       ||     9
         Condenser vane    |       |       |       |       |     1 |     1 ||     2
    Use: Scroll            |     3 |       |    11 |    11 |     4 |     3 ||    32
         Potion            |       |     3 |     1 |     3 |     2 |     1 ||    10
   Stab: Sleeping          |     4 |     4 |     4 |     5 |     4 |     1 ||    22
         Distracted        |       |       |       |       |    15 |     3 ||    18
         Petrified         |       |       |       |       |     2 |       ||     2
 Armour: Skin              |     4 |     5 |    22 |    50 |    16 |    11 ||   108
  Dodge: Dodged            |    38 |    77 |   316 |   483 |  1046 |   286 ||  2246

Table legend: (Time is in decaauts)
 A = Elapsed time spent in this place.
 B = Non-inter-level travel time spent in this place.
 C = Inter-level travel time spent in this place.
 D = Time resting spent in this place.
 E = Time spent auto-exploring this place.
 F = Levels seen in this place.
 G = Mean time per level.
                   A        B        C        D        E       F      G
               +--------+--------+--------+--------+--------+-----+--------+
         Total |  30924 |  29511 |   1413 |   9443 |  12586 |  24 | 1288.5 |
       Dungeon |  11831 |  11425 |    406 |   3147 |   5862 |  10 | 1183.1 |
        Temple |    177 |    165 |     12 |      0 |    134 |   1 |  177.0 |
          Lair |   8499 |   8011 |    488 |   2390 |   3514 |   5 | 1699.8 |
  Orcish Mines |   3238 |   2971 |    267 |    977 |   1152 |   2 | 1619.0 |
   Elven Halls |   5174 |   4935 |    239 |   1940 |   1678 |   3 | 1724.7 |
         Abyss |    376 |    376 |      0 |     69 |      0 |   1 |  376.0 |
         Sewer |    394 |    394 |      0 |      0 |    246 |   1 |  394.0 |
       Volcano |   1231 |   1231 |      0 |    919 |      0 |   1 | 1231.0 |
               +--------+--------+--------+--------+--------+-----+--------+

Top non-repeatable levels by time:
  Lair:5: 3330 daAuts
     D:5: 2839 daAuts
   Elf:3: 2338 daAuts
   Orc:2: 2189 daAuts
     D:6: 1868 daAuts
  Lair:1: 1688 daAuts
     D:4: 1442 daAuts
   Elf:1: 1430 daAuts
   Elf:2: 1405 daAuts
    D:10: 1327 daAuts
  Lair:4: 1248 daAuts
 Volcano: 1231 daAuts
  Lair:2: 1220 daAuts
     D:9: 1134 daAuts
   Orc:1: 1048 daAuts
